Map: Ascension to Aiur LE

Players

NightEnD - Winner!

  • Race: Protoss Protoss
  • Spawn Location: 5:00

FightingFrog

  • Race: Protoss Protoss
  • Spawn Location: 11:00

Event: WCS Jonkoping 2017

VOD

Have the link to the VOD?

Description

Time

  • Played on: June 17, 2017, 7:38 a.m.
  • Length: 27:14

All games in this series

Show
View Real Time Build Order
Export as new Build Order

NightEnD Protoss - Winner!

Build Orders: Oracle Opening 

Get SALT Encoding   

  12  0:00  Probe (Chrono Boost)  
  13  0:11  Probe (Chrono Boost)  
  14  0:18  Pylon  
  14  0:22  Probe (Chrono Boost)  
  15  0:36  Probe (Chrono Boost)  
  15  0:40  Gateway  
  16  0:46  Assimilator  
  16  0:48  Probe (Chrono Boost)  
  17  0:55  Assimilator  
  17  0:58  Probe (Chrono Boost)  
  18  1:09  Probe (Chrono Boost)  
  19  1:19  Probe (Chrono Boost)  
  20  1:27  Cybernetics Core  
  20  1:30  Probe (Chrono Boost)  
  21  1:34  Pylon  
  21  1:40  Probe (Chrono Boost)  
  22  1:48  Pylon  
  22  1:51  Probe (Chrono Boost)  
  23  2:01  Probe (Chrono Boost)  
  23  2:03  Stalker (Chrono Boost)  
  23  2:06  Stargate  
  26  2:10  Warp Gate  
  26  2:21  Mothership Core  
  29  2:54  Oracle (Chrono Boost)  
  29  2:57  Nexus  
  30  3:02  Stalker  
  32  3:16  Probe  
  32  3:18  Pylon  
  33  3:26  Oracle (Chrono Boost)  
  36  3:28  Probe  
  37  3:41  Probe  
  38  3:50  Robotics Facility  
  38  3:53  Probe  
  39  4:05  Probe (Chrono Boost)  
  40  4:16  Probe x2 (Chrono Boost)  
  42  4:26  Probe x2 (Chrono Boost), Stalker  
  42  4:28  Twilight Council  
  46  4:32  Gateway  
  46  4:37  Probe x2 (Chrono Boost)  
  46  4:38  Immortal  
  52  4:47  Probe (Chrono Boost)  
  53  4:53  Probe (Chrono Boost)  
  53  4:54  Forge  
  54  5:01  Probe (Chrono Boost)  
  54  5:04  Probe (Chrono Boost)  
  54  5:05  Pylon  
  53  5:07  Blink (Chrono Boost)  
  53  5:11  Pylon, Probe  
  54  5:20  Assimilator  
  54  5:23  Probe, Assimilator  
  54  5:24  Probe  
  56  5:29  Immortal  
  56  5:35  Protoss Ground Weapons Level 1 (Chrono Boost)  
  57  5:36  Probe  
  57  5:42  Probe  
  59  5:48  Gateway  
  59  5:51  Probe, Gateway  
  59  5:52  Pylon, Sentry  
  59  5:54  Probe  
  63  6:02  Sentry  
  63  6:03  Pylon  
  65  6:05  Probe  
  65  6:06  Probe  
  65  6:07  Observer, Pylon  
  68  6:17  Sentry  
  70  6:25  Nexus  
  70  6:26  Observer  
  70  6:27  Pylon  
  70  6:32  Probe x2  
  73  6:37  Stalker  
  75  6:44  Probe x2  
  75  6:47  Stalker x2  
  79  6:53  Stalker  
  83  6:56  Probe  
  83  6:58  Probe  
  83  7:00  Stalker  
  87  7:08  Probe, Robotics Bay  
  88  7:12  Probe  
  88  7:14  Pylon  
  89  7:20  Protoss Ground Weapons Level 2 (Chrono Boost), Probe  
  89  7:21  Pylon  
  90  7:24  Probe  
  91  7:32  Probe  
  91  7:36  Probe, Assimilator  
  93  7:40  Probe, Assimilator  
  94  7:44  Probe  
  94  7:45  Dark Shrine  
  94  7:48  Probe  
  94  7:50  Stalker x2  
  94  7:51  Probe  
  96  8:00  Probe  
  96  8:05  Charge, Pylon  
  97  8:07  Photon Cannon  
  97  8:11  Disruptor (Chrono Boost)  
  100  8:16  Gateway  
  100  8:18  Gateway  
  100  8:25  Robotics Facility  
  100  8:29  Pylon  
  100  8:35  Probe x2  
  100  8:38  Photon Cannon  
  102  8:42  Photon Cannon  
  102  8:46  Disruptor (Chrono Boost)  
  105  8:49  Pylon  
  105  8:54  Stalker x3  
  111  8:57  Stalker  
  113  9:08  Pylon  
  113  9:14  Disruptor (Chrono Boost)  
  116  9:23  Dark Templar x5  
  126  9:32  Protoss Ground Weapons Level 3  
  126  9:35  Photon Cannon  
  126  9:36  Photon Cannon  
  126  9:48  Disruptor x2 (Chrono Boost), Nexus  
  132  10:18  Stalker x2  
  132  10:19  Stalker x4  
  139  10:39  Disruptor x2 (Chrono Boost)  
  145  10:53  Stargate  
  145  10:55  Pylon  
  145  10:56  Assimilator  
  145  11:00  Probe x2  
  145  11:01  Probe  
  145  11:02  Probe, Pylon  
  145  11:03  Pylon  
  149  11:04  Assimilator  
  149  11:12  Disruptor x2 (Chrono Boost)  
  149  11:17  Stalker x6  
  167  11:27  Probe x2  
  167  11:28  Probe  
  168  11:42  Probe, Stalker  
  168  11:43  Probe x2  
  168  11:44  Photon Cannon  
  168  11:46  Photon Cannon  
  173  11:48  Photon Cannon  
  173  11:50  Photon Cannon  
  179  12:00  Stalker x5  
  183  12:24  Stargate  
  183  12:26  Stargate  
  183  12:29  Fleet Beacon  
  183  12:32  Stalker x6  
  195  12:43  Protoss Shields Level 1  
  186  13:13  Carrier x2 (Chrono Boost)  
  194  13:29  Carrier (Chrono Boost)  
  182  14:00  Nexus  
  182  14:03  Assimilator  
  182  14:07  Pylon  
  180  14:10  Assimilator  
  180  14:18  Pylon  
  180  14:19  Pylon  
  180  14:22  Observer  
  178  14:25  Observer  
  178  14:29  Carrier (Chrono Boost)  
  178  14:30  Carrier (Chrono Boost)  
  192  14:40  Photon Cannon  
  192  14:41  Photon Cannon  
  192  14:42  Photon Cannon  
  192  14:43  Carrier (Chrono Boost)  
  192  14:45  Photon Cannon x2  
  198  14:47  Photon Cannon  
  195  15:18  Protoss Shields Level 2  
  195  15:19  Protoss Air Weapons Level 1  
  195  15:32  Stalker  
  195  15:33  Stalker x2, Gateway  
  197  15:36  Gateway x2  
  197  15:38  Gateway  
  197  15:41  Gateway  
  197  15:43  Oracle (Chrono Boost)  
  200  15:57  Gateway x2  
  200  15:59  Gateway  
  200  16:01  Gateway  
  200  16:02  Warp Prism  
  200  16:24  Zealot  
  195  16:39  Zealot x2, Photon Cannon  
  190  16:40  Zealot x3  
  190  16:41  Photon Cannon x2  
  190  16:42  Probe  
  190  16:43  Probe, Photon Cannon x2  
  190  16:44  Probe, Photon Cannon  
  199  16:49  Photon Cannon  
  199  16:52  Photon Cannon  
  193  17:21  Protoss Air Weapons Level 2  
  193  17:27  Photon Cannon  
  191  17:31  Photon Cannon  
  185  17:51  Zealot x2  
  185  17:52  Zealot x5  
  199  18:03  Tempest (Chrono Boost)  
  196  18:08  Zealot  
  196  18:09  Zealot x5, Disruptor  
  194  18:14  Disruptor  
  188  18:28  Zealot x7  
  188  18:29  Zealot  
  186  18:47  Tempest x2 (Chrono Boost)  
  186  18:48  Tempest (Chrono Boost)  
  185  19:17  Nexus x2  
  168  20:17  Nexus  
  168  20:38  Nexus  
  168  20:49  Pylon  
  168  20:52  Pylon  
  155  22:07  Pylon, Nexus  
  147  22:09  Pylon  
  141  22:27  Templar Archives  
  98  23:13  Zealot x3  
  98  23:14  Zealot x4  
  106  23:39  Pylon  
  99  23:41  Cybernetics Core  
  99  23:42  Zealot  
  99  23:43  Zealot x6  
  111  23:57  Pylon  
  111  23:59  Gateway  
  111  24:02  Gateway  
  108  24:09  Nexus  
  104  24:14  High Templar  
  104  24:15  High Templar x6  
  118  24:23  Observer  
  119  24:28  Archon x3  
  119  24:30  Gateway  
  119  24:46  Assimilator x2  
  118  25:04  High Templar x6  
  118  25:05  Stalker  
  118  25:06  Stalker x3  
  133  25:19  Archon  
  133  25:20  Archon  
  133  25:21  Archon  
  132  25:30  Nexus  
  132  25:37  Pylon x2  
  132  25:39  Pylon  
  132  25:42  Pylon  
  132  25:44  Pylon  
  132  25:45  Pylon  
  132  25:46  Pylon  
  132  25:57  High Templar x4  
  132  25:59  High Templar  
  132  26:00  Stalker  
  132  26:01  Stalker  
  132  26:02  Archon x2  
  146  26:04  Zealot  
  146  26:06  High Templar x2  
  146  26:09  Archon  
  152  26:34  Stalker  
  152  26:35  Stalker x2  
  158  26:41  Probe  
  159  26:48  Archon  
  117  27:12  High Templar x2  
  117  27:13  High Templar x2  
Show
View Real Time Build Order
Export as new Build Order

FightingFrog Protoss 

Build Orders:  

Get SALT Encoding   

  12  0:01  Probe (Chrono Boost)  
  13  0:13  Probe (Chrono Boost)  
  14  0:21  Pylon  
  14  0:23  Probe (Chrono Boost)  
  15  0:40  Probe (Chrono Boost), Gateway  
  16  0:46  Assimilator  
  16  0:50  Probe (Chrono Boost)  
  17  1:01  Probe (Chrono Boost)  
  18  1:04  Assimilator  
  19  1:11  Probe (Chrono Boost)  
  19  1:20  Gateway  
  19  1:22  Probe (Chrono Boost)  
  20  1:30  Cybernetics Core  
  20  1:32  Probe (Chrono Boost)  
  21  1:36  Pylon  
  21  1:43  Probe (Chrono Boost)  
  22  1:53  Probe (Chrono Boost)  
  23  2:09  Stalker (Chrono Boost), Mothership Core (Chrono Boost)  
  23  2:10  Stalker (Chrono Boost), Warp Gate  
  29  2:17  Pylon  
  29  2:27  Probe (Chrono Boost)  
  30  2:38  Probe (Chrono Boost)  
  30  2:44  Stalker (Chrono Boost)  
  33  2:46  Stalker (Chrono Boost)  
  33  2:51  Probe  
  36  3:08  Nexus  
  36  3:18  Stargate  
  36  3:21  Sentry (Chrono Boost)  
  38  3:28  Pylon  
  38  3:31  Probe (Chrono Boost)  
  39  3:41  Probe (Chrono Boost)  
  39  3:44  Twilight Council  
  39  3:52  Probe (Chrono Boost)  
  40  4:02  Phoenix (Chrono Boost)  
  40  4:03  Pylon  
  40  4:04  Probe  
  43  4:16  Probe  
  44  4:18  Robotics Facility  
  44  4:22  Probe  
  45  4:28  Probe  
  46  4:31  Phoenix (Chrono Boost)  
  46  4:34  Probe  
  47  4:41  Probe  
  47  4:44  Probe  
  48  4:49  Blink (Chrono Boost)  
  49  4:53  Probe  
  49  4:55  Probe  
  51  5:05  Probe  
  51  5:06  Probe  
  52  5:07  Pylon  
  52  5:08  Assimilator  
  52  5:11  Observer (Chrono Boost)  
  52  5:12  Assimilator  
  54  5:16  Probe  
  54  5:17  Probe  
  56  5:22  Stalker x2  
  56  5:27  Probe  
  60  5:29  Probe  
  62  5:37  Probe  
  62  5:40  Pylon  
  62  5:41  Probe  
  62  5:42  Pylon  
  64  5:44  Forge  
  64  5:45  Gateway  
  64  5:48  Probe  
  64  5:49  Sentry, Stalker  
  69  5:53  Probe  
  70  5:58  Probe  
  70  6:00  Immortal  
  75  6:05  Probe  
  75  6:09  Probe  
  77  6:17  Oracle  
  77  6:19  Probe  
  77  6:24  Protoss Ground Weapons Level 1 (Chrono Boost)  
  81  6:30  Nexus  
  81  6:38  Probe  
  82  6:42  Immortal  
  82  6:43  Zealot  
  82  6:44  Zealot, Charge  
  82  6:46  Probe  
  91  6:49  Pylon  
  91  6:50  Probe  
  92  6:58  Probe  
  91  7:03  Probe  
  91  7:05  Gateway  
  92  7:10  Probe, Gateway  
  92  7:11  Gateway  
  92  7:15  Probe  
  94  7:17  Assimilator  
  94  7:22  Probe  
  95  7:25  Robotics Bay  
  95  7:27  Probe, Gateway  
  96  7:34  Probe  
  96  7:35  Zealot x2  
  101  7:39  Probe  
  101  7:40  Pylon, Probe  
  101  7:43  Pylon  
  103  7:45  Pylon  
  103  7:50  Phoenix  
  103  7:52  Probe  
  103  7:58  Zealot x3  
  110  8:04  Gateway  
  110  8:05  Gateway  
  110  8:10  Gateway  
  110  8:12  Protoss Ground Weapons Level 2 (Chrono Boost), Templar Archives, Pylon  
  110  8:14  Disruptor  
  113  8:27  Assimilator  
  113  8:28  Photon Cannon  
  113  8:30  Pylon  
  110  8:37  Probe  
  111  8:46  Photon Cannon  
  111  8:47  Photon Cannon  
  111  8:48  Zealot  
  111  8:49  Zealot x4  
  111  8:52  Disruptor  
  124  9:07  High Templar x2  
  128  9:10  Zealot x5  
  138  9:18  Nexus  
  138  9:20  Pylon  
  138  9:23  Archon  
  138  9:28  Disruptor  
  138  9:29  Pylon  
  141  9:36  Zealot x5  
  149  9:40  High Templar x2  
  149  9:41  High Templar  
  149  9:42  High Templar  
  157  9:46  Archon  
  157  9:47  Archon  
  157  9:53  Pylon  
  157  9:55  Photon Cannon  
  157  9:58  Photon Cannon  
  157  10:02  Photon Cannon  
  160  10:08  Zealot x4  
  167  10:19  Observer  
  167  10:20  Photon Cannon  
  164  10:22  Pylon  
  164  10:26  Photon Cannon  
  164  10:27  Photon Cannon  
  164  10:34  Pylon  
  164  10:41  Observer  
  163  10:45  Fleet Beacon  
  163  10:51  Protoss Ground Weapons Level 3 (Chrono Boost)  
  163  10:53  High Templar x4  
  163  10:54  High Templar  
  173  10:58  Pylon, Archon x2  
  173  11:00  Pylon  
  173  11:01  High Templar  
  173  11:02  Zealot x3  
  171  11:05  Archon  
  171  11:06  Oracle  
  173  11:29  Stargate  
  143  11:41  Tempest  
  143  11:44  Zealot x9  
  167  12:05  Pylon, Nexus, Dark Shrine  
  167  12:19  Tempest, Disruptor  
  167  12:21  Tempest  
  176  12:25  Protoss Air Armor Level 1  
  178  12:56  Tempest  
  177  13:00  Pylon  
  177  13:04  Tempest  
  167  13:16  Zealot x4  
  167  13:17  Zealot x5  
  178  13:33  Tempest  
  164  13:41  Zealot x9  
  172  13:46  Tempest  
  186  13:48  Protoss Shields Level 1 (Chrono Boost)  
  186  14:10  Tempest, Nexus  
  186  14:13  Pylon  
  186  14:25  High Templar  
  186  14:26  Disruptor  
  186  14:27  High Templar  
  193  14:39  Photon Cannon  
  193  14:41  Photon Cannon  
  193  14:45  Photon Cannon, Assimilator  
  193  14:49  Pylon  
  193  14:52  Archon  
  193  14:59  Tempest  
  199  15:13  Protoss Air Armor Level 2 (Chrono Boost)  
  199  15:17  Assimilator  
  199  15:42  Cybernetics Core  
  199  15:57  Photon Cannon  
  199  16:00  Oracle (Chrono Boost)  
  187  16:33  Nexus  
  187  16:35  Tempest (Chrono Boost)  
  187  16:37  High Templar x2  
  187  16:38  High Templar x2  
  196  16:41  Tempest (Chrono Boost)  
  196  16:48  Photon Cannon  
  196  16:52  Photon Cannon  
  196  16:55  Photon Cannon  
  196  16:56  Pylon  
  196  17:06  High Templar  
  196  17:07  High Templar  
  200  17:13  Archon  
  200  17:18  Archon  
  200  17:19  Protoss Air Armor Level 3 (Chrono Boost)  
  200  17:20  Archon  
  200  17:24  Protoss Air Weapons Level 1 (Chrono Boost)  
  194  18:02  Dark Templar x3  
  198  18:11  Zealot x3  
  200  18:31  Pylon  
  198  18:42  Dark Templar  
  196  19:04  Nexus  
  196  19:06  Pylon  
  196  19:17  Dark Templar  
  196  19:21  Observer (Chrono Boost)  
  172  19:43  Tempest  
  177  19:46  High Templar x2  
  177  19:50  Nexus  
  177  19:52  Pylon  
  181  20:29  Photon Cannon  
  167  21:39  Assimilator  
  167  21:42  Gateway  
  161  23:16  Archon  
  157  23:22  Pylon  
  135  23:49  Gateway  
  135  24:20  Pylon, Nexus  
  115  24:52  Forge  
  115  24:58  Pylon  
  111  25:38  Photon Cannon  
  111  25:42  Photon Cannon  
  111  25:43  Photon Cannon  
  111  25:45  Photon Cannon  
  111  25:47  Photon Cannon  
  111  25:50  Pylon  
  111  26:03  Gateway  
  111  26:08  Assimilator  
Tags
 
Add a new tag
Caveats
  • Supply blocks, unpowered buildings, or Contaminate may cause inaccurate times.
  • Supply counts are checked every 10 seconds.